 Dungeon Crawl Stone Soup version 0.29.1-15-g9cfb28693d (webtiles) character file.

Game seed: 10100808701351657435

52 LustLizard the Covered (level 3, 0/28 HPs)
             Began as a Gnoll Wanderer on Mar 17, 2023.
             Slain by an orc
             ... wielding a +0 flail
              (9 damage)
             ... on level 3 of the Dungeon.
             The game lasted 00:03:17 (1696 turns).

LustLizard the Covered (Gnoll Wanderer)             Turns: 1696, Time: 00:03:17

Health: 0/28       AC:  3    Str: 16    XL:     3   Next: 85%
Magic:  1/7        EV: 11    Int: 12    God:
Gold:   86         SH:  0    Dex:  7    Spells: 3/7 levels left

rFire   . . .      SeeInvis .   a - +2 quarterstaff
rCold   . . .      Faith    .   (shield currently unavailable)
rNeg    + . .      Spirit   .   q - +0 leather armour
rPois   +          Reflect  .   (no helmet)
rElec   .          Harm     .   (no cloak)
rCorr   .          Rampage  .   (no gloves)
Will    .....                   (no boots)
Stlth   +.........              (no amulet)
HPRegen 0.09/turn               g - ring of poison resistance
MPRegen 0.10/turn               m - ring of positive energy

@: very slightly contaminated, studying Evocations
A: fangs 1, strong nose, distributed training
a: no special abilities


You were on level 3 of the Dungeon.
You visited 1 branch of the dungeon, and saw 3 of its levels.

You collected 86 gold pieces.

Inventory:

Hand Weapons
 a - a +2 quarterstaff (weapon)
Armour
 b - a +0 scale mail
 q - a +0 leather armour (worn)
Jewellery
 g - a ring of poison resistance (left hand)
 m - a ring of positive energy (right hand)
Scrolls
 e - 2 scrolls of amnesia {unknown}
 f - a scroll of identify
 h - a scroll of brand weapon {unknown}
 k - 2 scrolls of teleportation {unknown}
 l - a scroll of blinking {unknown}
 n - a scroll of fear {unknown}
 o - 3 scrolls of enchant armour {unknown}
Potions
 c - a potion of haste
 d - a potion of heal wounds {unknown}
 i - 4 potions of flight
 j - a potion of curing {unknown}


   Skills:
 + Level 2.7 Fighting
 + Level 1.0 Short Blades
 + Level 1.0 Long Blades
 + Level 1.0 Axes
 + Level 1.0 Maces & Flails
 + Level 1.0 Polearms
 + Level 4.6 Staves
 + Level 1.0 Ranged Weapons
 + Level 1.0 Throwing
 + Level 4.6 Armour
 + Level 1.0 Dodging
 + Level 2.5 Stealth
 + Level 1.0 Shields
 + Level 1.0 Unarmed Combat
 + Level 2.9 Spellcasting
 + Level 0.7 Conjurations
 + Level 0.7 Hexes
 + Level 0.7 Summonings
 + Level 0.7 Necromancy
 + Level 0.7 Translocations
 + Level 0.7 Transmutations
 + Level 0.7 Fire Magic
 + Level 3.8 Ice Magic
 + Level 0.7 Air Magic
 + Level 0.7 Earth Magic
 + Level 0.7 Poison Magic
 + Level 1.1 Invocations
 + Level 2.9 Evocations


You had 3 spell levels left.
You knew the following spells:

 Your Spells              Type           Power      Damage    Failure   Level
a - Freeze                Ice            40%        1d6       6%          1
b - Frozen Ramparts       Ice            20%        1d4       19%         3

Your spell library contained the following spells:

 Spells                   Type           Power      Damage    Failure   Level
 Slow                     Hex            12%        N/A       22%         1
 Confusing Touch          Hex            3%         N/A       54%         3
 Vampiric Draining        Necr           3%         2d6       54%         3


Dungeon Overview and Level Annotations

Branches:
Dungeon (3/15)

Altars:
Xom

Annotations:
D:3 3 runed translucent doors, ThatPearl's ghost, amateur DsVM


Innate Abilities, Weirdness & Mutations

You have very sharp teeth.
Your uncanny sense of smell can sniff out nearby items.
Your experience applies equally to all skills.


Message History

Unknown command.
Casting: Frozen Ramparts (quite dangerous; 19% risk of failure)
Confirm with . or Enter, or press ? or * to list all spells.
Aiming: Freeze (safe; 6% risk of failure)
Press: ? - help, Shift-Dir - straight line, f - adder
Aim: an adder (severely wounded, slow)
You miscast Freeze.
Nothing appears to happen.
The orc hits you with a +0 morningstar!
Unknown command.
You closely miss the adder.
The adder is severely wounded.
The adder bites you. The orc barely misses you.
You barely miss the adder.
The adder is severely wounded.
The adder barely misses you. The orc hits you with a +0 morningstar.
You closely miss the adder.
The adder is severely wounded.
The adder bites you. The orc misses you.
Casting: Freeze (safe; 6% risk of failure)
Confirm with . or Enter, or press ? or * to list all spells.
Aiming: Freeze (safe; 6% risk of failure)
Press: ? - help, Shift-Dir - straight line, f/p - adder
Aim: an adder (severely wounded, slow)
You freeze the adder.
You kill the adder!
Your Short Blades skill increases to level 1!
Your Long Blades skill increases to level 1!
Your Axes skill increases to level 1!
Your Maces & Flails skill increases to level 1!
Your Polearms skill increases to level 1!
Your Ranged Weapons skill increases to level 1!
Your Throwing skill increases to level 1!
Your Dodging skill increases to level 1!
Your Shields skill increases to level 1!
Your Unarmed Combat skill increases to level 1!
The orc closely misses you. The orc hits you with a +0 falchion.
* * * LOW HITPOINT WARNING * * *
The orc attacks as you move away! The orc barely misses you.
The orc attacks as you move away! The orc hits you with a +0 flail!
You die...

###### ..... .......# ..
....####### # #.
..#.#.....# #.#.
#.#.##.##.#
##.#.##.#.#...#.#
.....#@#.###.#.#
.#.#.#..#o......#.########
........oo..#####.#.......
.#.#..#..##.......#.######
...............###.# #
.#..............# #.# #
.>..(#########..# #.# #
..#..#.Krgo.W#..###.# #
.... #.......#......# #


You could see 3 orcs, a kobold and a rat.

Vanquished Creatures
  2 adders
  A ball python (D:2)
  3 endoplasms
  A giant cockroach (D:2)
  3 goblins
  3 hobgoblins
  5 jackals
  2 quokkas
  4 bats
  2 frilled lizards
  3 kobolds (D:1)
  2 rats
31 creatures vanquished.

Notes
Turn   | Place    | Note
-------+----------+-------------------------------------------
     0 | D:1      | LustLizard the Gnoll Wanderer began the quest for the Orb.
     0 | D:1      | LustLizard set off with the following items: a +2
                  | quarterstaff, a +0 scale mail, a potion of haste; and the
                  | following spell memorised: Freeze; and the following spells
                  | available to memorise: Frozen Ramparts.
     0 | D:1      | Reached XP level 1. HP: 17/17 MP: 4/4
    55 | D:1      | Reached XP level 2. HP: 23/23 MP: 3/5
   714 | D:1      | Found a shimmering altar of Xom.
   761 | D:2      | Reached XP level 3. HP: 28/28 MP: 0/7
   765 | D:2      | Learned a level 3 spell: Frozen Ramparts
   996 | D:2      | Reached skill level 1 in Invocations
  1607 | D:3      | Noticed ThatPearl's ghost (amateur DsVM)
  1610 | D:3      | Found a runed translucent gate.
  1610 | D:3      | Found a runed translucent gate.
  1610 | D:3      | Found a runed translucent gate.
  1693 | D:3      | Reached skill level 1 in Short Blades
  1693 | D:3      | Reached skill level 1 in Long Blades
  1693 | D:3      | Reached skill level 1 in Axes
  1693 | D:3      | Reached skill level 1 in Maces & Flails
  1693 | D:3      | Reached skill level 1 in Polearms
  1693 | D:3      | Reached skill level 1 in Ranged Weapons
  1693 | D:3      | Reached skill level 1 in Throwing
  1693 | D:3      | Reached skill level 1 in Dodging
  1693 | D:3      | Reached skill level 1 in Shields
  1693 | D:3      | Reached skill level 1 in Unarmed Combat
  1696 | D:3      | Slain by an orc

Illustrated notes

Levels and vault maps discovered:
D:1:      dpeg_arrival_water_altar, layout_loops_ring
D:2:      layout_loops_cross, reono_crystal_passage
D:3:      layout_basic, mainiacjoe_overflow_alcove_1,
          ebering_ecumenical_altar_ruins, gammafunk_ghost_split, serial_shops,
          shop, columned_hall_lemuel

Skill      XL: |  1  2  3 |
---------------+----------+-----
Invocations    | 1 |  1.1
Short Blades   | 1 |  1.0
Long Blades    | 1 |  1.0
Axes           | 1 |  1.0
Maces & Flails | 1 |  1.0
Polearms       | 1 |  1.0
Ranged Weapons | 1 |  1.0
Throwing       | 1 |  1.0
Dodging        | 1 |  1.0
Shields        | 1 |  1.0
Unarmed Combat | 1 |  1.0
Fighting       | |  2.7
Staves         | |  4.6
Armour         | |  4.6
Stealth        | |  2.5
Spellcasting   | |  2.9
Conjurations   | |  0.7
Hexes          | |  0.7
Summonings     | |  0.7
Necromancy     | |  0.7
Translocations | |  0.7
Transmutations | |  0.7
Fire Magic     | |  0.7
Ice Magic      | |  3.8
Air Magic      | |  0.7
Earth Magic    | |  0.7
Poison Magic   | |  0.7
Evocations     | |  2.9

Action                   || total
-------------------------++-------
Melee: Quarterstaff      ||    49
       Bite              ||     3
 Cast: Freeze            ||    29
  Use: Scroll            ||     2
Armor: Scale mail        ||    23
       Leather armour    ||     4
       Robe              ||     3
Dodge: Dodged            ||    50
